 Dungeon Crawl Stone Soup version 0.23.2-33-g5129a83184 (webtiles) character file.

Game seed: 14899119949673403112

11393 ANON1729 the Fighter (level 11, -2/104 HPs)
             Began as a Minotaur Fighter on Aug 11, 2019.
             Was a High Priest of Okawaru.
             Slain by an ice beast (13 damage)
             ... on level 12 of the Dungeon.
             The game lasted 00:22:22 (12101 turns).

ANON1729 the Fighter (Minotaur Fighter)            Turns: 12101, Time: 00:22:22

Health: -2/104     AC: 15    Str: 26    XL:     11   Next: 48%
Magic:  11/11      EV:  9    Int:  7    God:    Okawaru [*****.]
Gold:   723        SH:  0    Dex: 12    Spells: 6/10 levels left

rFire    . . .     SeeInvis .   Y - +1 long sword "Vaemehol" {venom, Str+4}
rCold    . . .     Gourm    .   (no shield)
rNeg     . . .     Faith    .   H - +0 chain mail {rPois}
rPois    +         Spirit   .   (helmet restricted)
rElec    .         Reflect  .   (no cloak)
rCorr    .         Harm     .   n - +0 pair of gloves
MR       .....                  R - +0 pair of boots
Stlth    ..........             r - amulet of rage
HPRegen  0.27/turn              B - ring of wizardry
MPRegen  0.12/turn              C - +2 ring of dexterity

@: marked
A: retaliatory headbutt, horns 2
a: Heroism, Finesse, Renounce Religion, Evoke Berserk Rage


You were on level 12 of the Dungeon.
You worshipped Okawaru.
Okawaru was extremely pleased with you.
You were not hungry.

You visited 2 branches of the dungeon, and saw 13 of its levels.

You collected 723 gold pieces.

Inventory:

Hand Weapons
 a - a +0 long sword
 p - a +1 rapier of electrocution
 F - a +0 scimitar
 J - a +0 great sword of freezing
 N - a +0 great sword
 Y - the +1 long sword "Vaemehol" (weapon) {venom, Str+4}
   (Okawaru gifted it to you on level 12 of the Dungeon)

   It poisons the flesh of those it strikes.
   It affects your strength (+4).
Missiles
 m - 5 javelins of returning (quivered)
Armour
 b - a +0 scale mail
 c - a +0 shield
 d - a +3 ring mail of cold resistance
 n - a +0 pair of gloves (worn)
 H - a +0 chain mail of poison resistance (worn)
 R - a +0 pair of boots (worn)
 Z - a scarf of repulsion
Magical Staves
 O - an uncursed staff of air {unknown}
 U - an uncursed staff of summoning {unknown}
Jewellery
 r - an amulet of rage (around neck)
 B - a ring of wizardry (left hand)
 C - a +2 ring of dexterity (right hand)
 E - an uncursed ring of fire
 I - the amulet "Kudwyg" {Inacc -Tele rElec Str+4 Stlth+}
   (You found it on level 9 of the Dungeon)

   [amulet of inaccuracy]

   It reduces the accuracy of all your attacks.
   It affects your strength (+4).
   It insulates you from electricity.
   It prevents most forms of teleportation.
   It makes you more stealthy.
 M - an uncursed ring of fire
 S - an uncursed ring of flight
Wands
 t - a wand of flame (11)
 G - a wand of iceblast (15)
 K - a wand of enslavement (9)
 L - a wand of paralysis (4)
 V - a wand of acid (11)
Scrolls
 e - 8 scrolls of identify
 g - 4 scrolls of remove curse
 h - a scroll of magic mapping
 j - 3 scrolls of enchant armour
 k - 5 scrolls of fog
 l - 5 scrolls of teleportation
 v - a scroll of amnesia
 y - a scroll of acquirement {unknown}
 A - a scroll of enchant weapon {unknown}
 D - 2 scrolls of immolation
 P - a scroll of silence {unknown}
 Q - 2 scrolls of brand weapon
Potions
 i - 4 potions of heal wounds
 o - 2 potions of magic {unknown}
 q - 7 potions of curing
 s - a potion of degeneration {unknown}
 w - a potion of brilliance {unknown}
 x - 2 potions of flight {unknown}
 z - 2 potions of mutation {unknown}
 T - 3 potions of agility {unknown}
 X - a potion of haste
Comestibles
 f - 22 rations
 W - 13 chunks of flesh


   Skills:
 + Level 12.1 Fighting
 + Level 11.9 Long Blades
 + Level 11.9 Armour
 - Level 0.4 Dodging
 - Level 5.0 Shields
 - Level 4.1 Translocations
 * Level 2.1 Invocations


You had 6 spell levels left.
You knew the following spells:

 Your Spells              Type           Power        Failure   Level  Hunger
a - Blink                 Tloc           N/A          22%         2    ###....
b - Passwall              Tmut/Erth      #.......     73%         2    ###....

Your spell library contained the following spells:

 Spells                   Type           Power        Failure   Level  Hunger
 Corona                   Hex            #......      58%         1    ##.....
 Magic Dart               Conj           #...         58%         1    ##.....
 Sandblast                Erth           #.....       58%         1    ##.....
 Call Imp                 Summ           #.......     73%         2    ###....
 Ensorcelled Hibernation  Hex/Ice        #.....       73%         2    ###....
 Slow                     Hex            #.......     73%         2    ###....
 Confuse                  Hex            #.......     91%         3    ####...
 Conjure Flame            Conj/Fire      #.......     91%         3    ####...
 Dazzling Spray           Conj/Hex       #.....       91%         3    ####...
 Mephitic Cloud           Conj/Pois/Air  #.......     91%         3    ####...
 Stone Arrow              Conj/Erth      #.....       91%         3    ####...
 Tukima's Dance           Hex            #.......     91%         3    ####...
 Leda's Liquefaction      Hex/Erth       #.........   100%        4    #####..
 Petrify                  Tmut/Erth      #.......     100%        4    #####..
 Bolt of Magma            Conj/Fire/Erth #.........   100%        5    ######.
 Iskenderun's Battlesphe  Conj/Chrm      #.......     100%        5    ######.
 Lee's Rapid Deconstruct  Erth           #.........   100%        5    ######.
 Venom Bolt               Conj/Pois      #.........   100%        5    ######.
 Iron Shot                Conj/Erth      #.........   100%        6    #######
 Statue Form              Tmut/Erth      #........    100%        6    #######
 Orb of Destruction       Conj           #.........   100%        7    #######
 Spellforged Servitor     Conj/Summ      #.........   100%        7    #######
 Shatter                  Erth           #.........   100%        9    #######


Dungeon Overview and Level Annotations

Branches:
Dungeon (12/15)            Temple (1/1) D:4            Lair (0/6) D:9
    Orc (0/2) D:11

Altars:
Ashenzari
Cheibriados
Dithmenos
Elyvilon
Fedhas
Gozag
Hepliaklqana
Kikubaaqudgha
Makhleb
Nemelex Xobeh
Okawaru
Qazlal
Ru
Sif Muna
Trog
Uskayaw
Vehumet
Wu Jian
Xom
Yredelemnul
Zin
The Shining One

Shops:
D:6 [

Portals:
Trove: D:11 (give 2 scrolls of acquirement)

Annotations:
D:6 2 transporters, Lapis's ghost, novice GrEE


Innate Abilities, Weirdness & Mutations

You reflexively headbutt those who attack you in melee.
You have a pair of horns on your head.


Message History

The ice beast is moderately wounded.
The ice beast barely misses you. The ufetubus closely misses you.
The ufetubus hits you but does no damage.
The kobold closely misses you.
The ice beast hits you but does no damage.
The orange demon stings you from afar!
The soul eater draws from the surrounding life force!
* * * LOW HITPOINT WARNING * * *
The kobold demonologist gestures wildly while chanting.
The ice beast barely misses you.
Unknown command.
As you read the scroll labeled JORCHE MYUHIOTT, it crumbles to dust.
You hear a loud clanging noise!
It was a scroll of noise.
The ufetubus hits you.
* * * LOW HITPOINT WARNING * * *
The ufetubus hits you but does no damage.
The ice beast hits you.
* * * LOW HITPOINT WARNING * * *
The ice beast freezes you!
You die...

,*,,,,,,,,,,,,,,,,,,,,,,,,,,,,,**
***,,,,,,...............,,,,,,,,*
,*,,,,,,*..Y.5..........,,,,,*,**
,,,,,,,*##.Y............∩,,,,**,,
,,,,,,(.#...YY..........,,,,,*,**
,,,,,,..................,,,*,*,,*
,,,,,,........Y.FYY(....,,,,**,>*
,,,,>,.........KYY......,,,,****,
,,,,,,........K5@YYY....,,,,,**,*
,,,,,,.......K43JT.......,,,,,***
,,,,,,,,#....KJ3KY.......#,,,,***
,,,,,,,*##...55KO........#,,,,,,*
,*,,,,,.#..{K..5..........******,
***,,,......{.(.J.........* **
,*,,,,...%................####
,,,,,,.....................#.####
,,,,,,.......................#..#


You could see 3 slime creatures, a soul eater, an orange demon, 2 kobold
demonologists, 5 yaks, a troll (inner flame), a ynoxinul, 8 ice beasts, 3 big
kobolds, an ogre (inner flame), a bullfrog (inner flame), 2 iron imps, a crimson
imp, a white imp, an ufetubus and 2 kobolds.

Vanquished Creatures
  2 two-headed ogres
  An ugly thing (D:8)
  A cyclops (D:11)
  Joseph (D:7)
  2 centaur zombies
  A hornet (D:9)
  A queen bee (D:8)
  A slime creature (D:12)
  A hippogriff (D:8)
  11 yaks
  2 wyverns
  2 vampire mosquitoes (D:10)
  Duvessa (D:6)
  4 sky beasts
  6 orc warriors
  4 phantoms
  A necrophage (D:7)
  A black bear (D:6)
  6 ogres
  2 centaurs
  A big kobold (D:7)
  6 bullfrogs
  Dowan (D:6)
  2 wyvern skeletons
  2 scorpions
  A water moccasin skeleton (D:10)
  25 killer bees
  3 wights (D:7)
  4 bullfrog zombies
  An electric eel (D:7)
  3 crimson imps
  A jelly (D:11)
  2 centaur skeletons
  6 orc priests
  2 bullfrog skeletons (D:11)
  5 hounds
  2 iguanas
  7 orc wizards
  7 worker ants
  2 hound zombies
  A worker ant zombie (D:9)
  17 gnolls
  15 adders
  4 shadow imps
  2 oozes
  3 adder skeletons
  An adder zombie (D:7)
  3 worms
  A dart slug (D:2)
  2 leopard geckos
  25 orcs
  A ball python (D:3)
  5 giant cockroaches
  5 hobgoblins
  8 jackals
  3 quokkas
  9 bats
  2 frilled lizards (D:2)
  7 goblins
  14 kobolds
  2 quokka zombies
  4 rats
268 creatures vanquished.

Notes
Turn   | Place    | Note
-------+----------+-------------------------------------------
     0 | D:1      | ANON1729 the Minotaur Fighter began the quest for the Orb.
     0 | D:1      | Reached XP level 1. HP: 19/19 MP: 0/0
   249 | D:1      | Reached skill level 4 in Fighting
   249 | D:1      | Reached XP level 2. HP: 23/27 MP: 1/1
   905 | D:2      | Found a shimmering altar of Xom.
   909 | D:2      | Noticed an angel
   911 | D:2      | Found a glowing silver altar of Zin.
   932 | D:2      | Reached XP level 3. HP: 33/33 MP: 2/2
   936 | D:2      | Found a hide-covered altar of Uskayaw.
  1319 | D:2      | Reached XP level 4. HP: 20/41 MP: 3/3
  2307 | D:3      | Found a stormy altar of Qazlal.
  2373 | D:3      | Reached XP level 5. HP: 45/47 MP: 4/4
  2796 | D:4      | Reached skill level 5 in Fighting
  2993 | D:4      | Found a staircase to the Ecumenical Temple.
  3002 | Temple   | Entered the Ecumenical Temple
  3199 | Temple   | Became a worshipper of Warmaster Okawaru
  3441 | D:4      | Reached XP level 6. HP: 20/56 MP: 5/5
  3962 | D:5      | Entered Level 5 of the Dungeon
  3969 | D:5      | Reached skill level 5 in Shields
  4006 | D:5      | Reached skill level 5 in Long Blades
  4006 | D:5      | Reached skill level 5 in Armour
  4010 | D:5      | Reached * piety under Okawaru
  4089 | D:5      | Reached XP level 7. HP: 37/62 MP: 6/6
  4090 | D:5      | Reached skill level 6 in Fighting
  4712 | D:5      | Reached ** piety under Okawaru
  4720 | D:5      | Reached skill level 7 in Fighting
  4731 | D:5      | Reached XP level 8. HP: 45/73 MP: 7/7
  5426 | D:6      | Noticed a hornet
  5433 | D:6      | Noticed a queen bee
  5436 | D:6      | Noticed Lapis's ghost (novice GrEE)
  5472 | D:6      | Found a transporter.
  5476 | D:6      | Found a transporter.
  5641 | D:6      | Found a bloodstained altar of Trog.
  5675 | D:6      | Reached skill level 8 in Fighting
  5689 | D:6      | Found Xaosi's Armour Shop.
  5909 | D:6      | Noticed Dowan
  5910 | D:6      | Noticed Duvessa
  5938 | D:6      | Killed Duvessa
  5947 | D:6      | Killed Dowan
  5947 | D:6      | Reached *** piety under Okawaru
  6282 | D:7      | Noticed Joseph
  6286 | D:7      | Reached XP level 9. HP: 73/82 MP: 8/8
  6613 | D:6      | Reached skill level 9 in Fighting
  6918 | D:7      | Reached **** piety under Okawaru
  6967 | D:7      | Found a blossoming altar of Fedhas.
  7100 | D:7      | Killed Joseph
  7355 | D:7      | Reached skill level 10 in Fighting
  7740 | D:8      | Noticed a white ugly thing
  8245 | D:8      | Found a shattered altar of Ashenzari.
  8257 | D:8      | Learned a level 2 spell: Blink
  8260 | D:8      | Learned a level 2 spell: Passwall
  8341 | D:8      | Killed a white ugly thing
  8341 | D:8      | Reached ***** piety under Okawaru
  8341 | D:8      | Reached skill level 10 in Long Blades
  8341 | D:8      | Reached skill level 10 in Armour
  8604 | D:8      | Reached skill level 1 in Translocations
  8604 | D:8      | Reached XP level 10. HP: 69/93 MP: 9/9
  8738 | D:8      | Found a hazy altar of Hepliaklqana.
  8916 | D:8      | Received a gift from Okawaru
  9195 | D:9      | Paralysed by a hornet for 3 turns
  9525 | D:9      | Found a staircase to the Lair.
  9946 | D:9      | Got a smoking emerald amulet
 10204 | D:10     | Entered Level 10 of the Dungeon
 10220 | D:10     | Reached skill level 11 in Fighting
 10381 | D:10     | Identified the amulet "Kudwyg" {Inacc -Tele rElec Str+4
                  | Stlth+} (You found it on level 9 of the Dungeon)
 10440 | D:10     | Noticed a two-headed ogre
 10447 | D:10     | Killed a two-headed ogre
 10823 | D:10     | Reached XP level 11. HP: 97/102 MP: 10/10
 11545 | D:11     | Found a staircase to the Orcish Mines.
 11890 | D:11     | Found a portal to a secret trove of treasure.
 11966 | D:12     | Reached skill level 12 in Fighting
 12015 | D:12     | Noticed a two-headed ogre
 12022 | D:12     | Killed a two-headed ogre
 12022 | D:12     | Received a gift from Okawaru
 12022 | D:12     | Reached skill level 1 in Invocations
 12025 | D:12     | Got a bloodstained long sword {god gift}
 12026 | D:12     | Identified the +1 long sword "Vaemehol" {venom, Str+4}
                  | (Okawaru gifted it to you on level 12 of the Dungeon)
 12096 | D:12     | Noticed a soul eater
 12101 | D:12     | Slain by an ice beast

Skill      XL: |  1  2  3  4  5  6  7  8  9 10 11 |
---------------+----------------------------------+-----
Fighting       | 4 5 7 8 10 11 12 | 12.1
Armour         | 4 5 6 8 10 11 | 11.9
Shields        | 4 5 |  5.0
Long Blades    | 3 4 5 6 8 10 11 | 11.9
Translocations | 1 3 4 |  4.1
Invocations    | 2 |  2.1
Dodging        | |  0.4

Action                   |  1- 3 |  4- 6 |  7- 9 | 10-12 || total
-------------------------+-------+-------+-------+-------++-------
Melee: Long sword        |    76 |    86 |       |    10 ||   172
       Headbutt          |    13 |    20 |    42 |    80 ||   155
       Rapier            |       |    57 |   295 |   135 ||   487
       Great sword       |       |       |       |   201 ||   201
Invok: Heroism           |       |       |     3 |     8 ||    11
 Abil: Evoke Berserk Rag |       |       |     1 |     2 ||     3
Evoke: Wand              |       |       |       |     3 ||     3
  Use: Scroll            |       |       |     3 |     9 ||    12
       Potion            |       |       |       |     4 ||     4
 Stab: Paralysed         |       |       |       |     1 ||     1
  Eat: Chunk             |     1 |     9 |    11 |    11 ||    32
       Ration            |       |       |     1 |     1 ||     2
Armor: Scale mail        |    32 |    49 |   147 |    38 ||   266
       Chain mail        |       |       |       |   133 ||   133
       Ring mail         |       |       |       |    16 ||    16
Dodge: Dodged            |    26 |    44 |   116 |   125 ||   311
Block: Shield            |    39 |    81 |   181 |    71 ||   372
       Rpst.: Long sword |     6 |    13 |       |     3 ||    22
       Great sword       |       |       |       |    17 ||    17
